[Event "Titled Tuesday Blitz March 28 Late 2023"]
[White "Ronka, Erik"]
[Black "Nakamura, Hikaru"]
[WhiteFideId "505080"]
[BlackFideId "2016192"]
[WhiteElo "2264"]
[BlackElo "2879"]
[Result "0-1"]
[Round "01"]
[TimeControl "180+2"]
[Date "2023.03.28"]
[WhiteClock "0:00:04"]
[BlackClock "0:01:06"]

1. e4 c6 2. d4 d5 3. Nd2 dxe4 4. Nxe4 Nf6 5. Nxf6+ exf6 6. c3 Bd6 7. Bd3 h5 8. Qc2 h4 9. h3 Nd7 10. Ne2 O-O 11. O-O Re8 12. Bd2 Nf8 13. Rae1 Bc7 14. Kh1 Be6 15. f4 Qd6 16. c4 Rad8 17. a3 b6 18. b4 Bc8 19. c5 Qd5 20. Bc4 Qh5 21. f5 Nh7 22. b5 bxc5 23. dxc5 cxb5 24. Bxb5 Re5 25. Bd3 Red5 26. Rf3 Ng5 27. Re3 Be5 28. Bc3 Rxc5 29. Qb3 Nh7 30. Be4 Qg5 31. Rd3 Rxd3 32. Bxd3 Qe3 33. Bxe5 Rxe5 34. Qb8 Qxd3 35. Qxc8+ Nf8 0-1


[Site "https://www.chess.com"]

[Event "Titled Tuesday Blitz March 28 Late 2023"]
[White "Vachier-Lagrave, Maxime"]
[Black "Karamsetty, Jeevan"]
[WhiteFideId "623539"]
[BlackFideId "2025337"]
[WhiteElo "2740"]
[BlackElo "2111"]
[Result "1-0"]
[Round "01"]
[TimeControl "180+2"]
[Date "2023.03.28"]
[WhiteClock "0:01:00"]
[BlackClock "0:00:19"]

1. e4 g6 2. d4 d6 3. Nc3 Bg7 4. Be3 a6 5. h4 h5 6. Nf3 b5 7. Ng5 Bb7 8. f3 Nd7 9. Qd2 Ngf6 10. a4 b4 11. Bc4 e6 12. Ne2 a5 13. Nf4 O-O 14. Bb3 Qe7 15. O-O-O e5 16. Nxg6 Qd8 17. Nxf8 Nxf8 18. Nxf7 1-0


[Site "https://www.chess.com"]

[Event "Titled Tuesday Blitz March 28 Late 2023"]
[White "Risteski, Emil"]
[Black "Bortnyk, Olexandr"]
[WhiteFideId "15005267"]
[BlackFideId "14120828"]
[WhiteElo "2251"]
[BlackElo "2734"]
[Result "0-1"]
[Round "01"]
[TimeControl "180+2"]
[Date "2023.03.28"]
[WhiteClock "0:00:05"]
[BlackClock "0:00:18"]

1. e4 Nf6 2. e5 Nd5 3. d4 d6 4. c4 Nb6 5. exd6 exd6 6. Nc3 Be7 7. Be3 O-O 8. Bd3 Nc6 9. Nge2 Nb4 10. O-O Nxd3 11. Qxd3 Be6 12. b3 Qd7 13. Ng3 d5 14. c5 Nc8 15. b4 a5 16. b5 a4 17. Rab1 b6 18. Rfd1 g6 19. Nce2 f5 20. f4 Bf6 21. Nf1 Ra5 22. c6 Qg7 23. Nd2 Nd6 24. Nf3 Re8 25. Ne5 Qh6 26. Ng3 Nc4 27. Nf1 a3 28. Qc3 Ra4 29. Nd2 Bxe5 30. dxe5 Nxe3 31. Qxe3 Qxf4 32. Qxf4 Rxf4 33. Nf3 Re4 34. Rb3 Ra8 35. Rdd3 Ra5 36. Nd4 Bf7 37. g3 Ra4 38. Nf3 Re2 39. Rxa3 Rxa2 40. Rxa4 Rxa4 41. Nd4 Kf8 42. e6 Bg8 43. Kf2 Ke7 44. Ke3 Bxe6 45. Rb3 Kd6 46. Rb1 Ra3+ 47. Kf4 Ra4 48. Ke3 g5 49. Rb3 Ke5 50. Nf3+ Kf6 51. Nd4 h5 52. Rc3 f4+ 53. gxf4 gxf4+ 54. Kd3 Bf5+ 55. Nxf5 Kxf5 56. Rb3 Re4 57. Ra3 Re3+ 0-1


[Site "https://www.chess.com"]

[Event "Titled Tuesday Blitz March 28 Late 2023"]
[White "Erigaisi Arjun"]
[Black "Santos Flores, Alberto"]
[WhiteFideId "35009192"]
[BlackFideId "3601234"]
[WhiteElo "2737"]
[BlackElo "2235"]
[Result "1-0"]
[Round "01"]
[TimeControl "180+2"]
[Date "2023.03.28"]
[WhiteClock "0:00:41"]
[BlackClock "0:00:06"]

1. b3 d5 2. Bb2 Bf5 3. e3 e6 4. Nf3 h6 5. c4 c6 6. a3 a5 7. d4 Nd7 8. Bd3 Bxd3 9. Qxd3 Ngf6 10. O-O Be7 11. Nbd2 O-O 12. h3 Re8 13. Rfe1 Rb8 14. e4 dxe4 15. Nxe4 b5 16. Nxf6+ Bxf6 17. a4 bxc4 18. Qxc4 Qb6 19. Re3 Qb7 20. Qc3 Qa6 21. Ne5 Nxe5 22. dxe5 Be7 23. Rg3 Red8 24. Qc2 Bf8 25. Re1 Rd5 26. Bc1 Kh8 27. Kh2 Rbd8 28. Rf3 Qb7 29. Re4 Qc7 30. Bf4 Rd4 31. Bg3 Rxe4 32. Qxe4 Kg8 33. Rd3 Rd5 34. Rc3 Qb6 35. Qc2 c5 36. f4 Qb4 37. f5 exf5 38. Rc4 Qd2 39. Qxf5 Qd3 40. Qc8 Qxb3 41. e6 Qxc4 42. e7 1-0


[Site "https://www.chess.com"]

[Event "Titled Tuesday Blitz March 28 Late 2023"]
[White "Karas, Marek"]
[Black "Andreikin, Dmitry"]
[WhiteFideId "14928558"]
[BlackFideId "4158814"]
[WhiteElo "2233"]
[BlackElo "2736"]
[Result "0-1"]
[Round "01"]
[TimeControl "180+2"]
[Date "2023.03.28"]
[WhiteClock "0:00:07"]
[BlackClock "0:00:53"]

1. d4 g6 2. Nf3 Bg7 3. e4 d6 4. Bc4 c6 5. Bb3 a5 6. c3 Nf6 7. Qe2 a4 8. Bc2 O-O 9. O-O Qc7 10. e5 dxe5 11. Nxe5 Nbd7 12. Nxd7 Bxd7 13. Na3 Rfe8 14. Bg5 e5 15. dxe5 Rxe5 16. Qd2 Rd5 17. Qf4 Qd8 18. Rad1 Be6 19. Rxd5 Nxd5 20. Bxd8 Nxf4 21. Bg5 Nd5 22. Rd1 b5 23. Be4 Re8 24. Bf3 b4 25. cxb4 Bxb2 26. Nc4 Nc3 27. Nxb2 a3 28. Nd3 Nxd1 29. Bxd1 Bc4 30. Bc2 Re2 0-1


[Site "https://www.chess.com"]

[Event "Titled Tuesday Blitz March 28 Late 2023"]
[White "Naroditsky, Daniel"]
[Black "Sreyas Payyappat"]
[WhiteFideId "2026961"]
[BlackFideId "46674969"]
[WhiteElo "2633"]
[BlackElo "2083"]
[Result "1-0"]
[Round "01"]
[TimeControl "180+2"]
[Date "2023.03.28"]
[WhiteClock "0:01:03"]
[BlackClock "0:00:12"]

1. d4 Nf6 2. Nc3 d5 3. Bf4 c5 4. e4 Nxe4 5. Nxe4 dxe4 6. dxc5 Qa5+ 7. c3 Qxc5 8. Qa4+ Nc6 9. Qxe4 Bf5 10. Qa4 O-O-O 11. Nf3 e5 12. Be3 Qd5 13. Bc4 Qe4 14. O-O Bd6 15. Ng5 Qg4 16. h3 Qh5 17. Nxf7 Qg6 18. Nxh8 Rxh8 19. Bd5 e4 20. Bxc6 bxc6 21. Qxc6+ Kd8 22. Qa8+ Ke7 23. Qb7+ Ke6 24. Rad1 Bxh3 25. Rxd6+ Kxd6 26. Rd1+ Ke5 27. Rd5+ Kf6 28. Bd4+ Ke6 29. Qd7# 1-0


[Site "https://www.chess.com"]

[Event "Titled Tuesday Blitz March 28 Late 2023"]
[White "a-z30"]
[Black "Caruana, Fabiano"]
[BlackFideId "2020009"]
[WhiteElo "2515"]
[BlackElo "2818"]
[Result "0-1"]
[Round "01"]
[TimeControl "180+2"]
[Date "2023.03.28"]
[WhiteClock "0:00:02"]
[BlackClock "0:00:45"]

1. d3 d5 2. Nf3 c6 3. g3 Nf6 4. Bg2 Bg4 5. O-O e6 6. h3 Bh5 7. c4 Bd6 8. cxd5 cxd5 9. Nc3 Nc6 10. e4 O-O 11. exd5 Nxd5 12. Nxd5 exd5 13. d4 Qb6 14. Be3 Rfe8 15. g4 Bg6 16. Ne5 Bxe5 17. dxe5 d4 18. Bxc6 Qxc6 19. Qxd4 Rad8 20. Qf4 b6 21. Rfd1 h6 22. Rac1 Qe6 23. Rd6 Qxa2 24. Rc7 Qxb2 25. Kh2 Qb1 26. h4 Qe4 27. h5 Qxf4+ 28. Bxf4 Be4 29. Rxa7 b5 30. Kg3 Rc8 31. Rdd7 Rc3+ 32. Kh2 Rf3 33. Rxf7 Rxf2+ 34. Kg3 Rf3+ 35. Kh4 Kh8 36. e6 Rxe6 0-1


[Site "https://www.chess.com"]

[Event "Titled Tuesday Blitz March 28 Late 2023"]
[White "Firouzja, Alireza"]
[Black "Vovk, Orest"]
[WhiteFideId "12573981"]
[BlackFideId "14113490"]
[WhiteElo "2904"]
[BlackElo "2215"]
[Result "1-0"]
[Round "01"]
[TimeControl "180+2"]
[Date "2023.03.28"]
[WhiteClock "0:01:25"]
[BlackClock "0:00:56"]

1. d4 h6 2. e4 g5 3. h4 g4 4. Nc3 Bg7 5. Nge2 c5 6. dxc5 Qa5 7. Be3 g3 8. f3 d6 9. cxd6 Nc6 10. Qd2 Be6 11. Nd4 O-O-O 12. Nxc6 bxc6 13. Bf4 Be5 14. Bxe5 Qxe5 15. Qe3 Qxd6 16. Rd1 Qc7 17. Rxd8+ Qxd8 18. Qxa7 Qc7 19. Ba6+ Kd7 20. Qd4+ Qd6 21. Qxh8 Qc5 22. Qxg8 Qf2+ 23. Kd1 Qxg2 24. Re1 Qxf3+ 25. Kc1 g2 26. Rd1+ 1-0


[Site "https://www.chess.com"]

[Event "Titled Tuesday Blitz March 28 Late 2023"]
[White "Mortazavi, Ali"]
[Black "Fedoseev, Vladimir"]
[WhiteFideId "401323"]
[BlackFideId "24130737"]
[WhiteElo "2339"]
[BlackElo "2752"]
[Result "0-1"]
[Round "01"]
[TimeControl "180+2"]
[Date "2023.03.28"]
[WhiteClock "0:00:01"]
[BlackClock "0:00:04"]

1. Nf3 Nf6 2. g3 g6 3. Bg2 Bg7 4. O-O O-O 5. d3 d5 6. Nbd2 d4 7. Nb3 Nc6 8. Bd2 Nd5 9. Qc1 a5 10. Bh6 e5 11. Bxg7 Kxg7 12. c4 Nf6 13. Nbd2 Re8 14. b3 h6 15. a3 Qe7 16. Qb2 g5 17. Rab1 Bf5 18. b4 axb4 19. axb4 Ra4 20. b5 Nb8 21. Ne1 b6 22. Nc2 Nbd7 23. Nb4 Nc5 24. Nc6 Qd6 25. Ra1 Rxa1 26. Rxa1 Bg4 27. Nf3 Nfd7 28. h3 Be6 29. Ra7 f6 30. Nd2 f5 31. Nf3 Bf7 32. Qa1 Bh5 33. Nfxd4 exd4 34. Nxd4 Kg6 35. Nxf5 Kxf5 36. Qg7 Bxe2 37. Qf7+ Nf6 38. g4+ Kf4 39. Rxc7 Bxd3 40. Rc6 Rf8 41. Qg7 Qd8 42. Qxh6 Be4 43. h4 Nxg4 44. Qh5 Bxg2 45. Kxg2 Ne5 0-1


[Site "https://www.chess.com"]

[Event "Titled Tuesday Blitz March 28 Late 2023"]
[White "Lazavik, Denis"]
[Black "Yurasova, Daria"]
[WhiteFideId "13515110"]
[BlackFideId "34146919"]
[WhiteElo "2560"]
[BlackElo "2134"]
[Result "1-0"]
[Round "01"]
[TimeControl "180+2"]
[Date "2023.03.28"]
[WhiteClock "0:02:09"]
[BlackClock "0:00:50"]

1. d4 d5 2. c4 dxc4 3. Nf3 Nf6 4. e3 e6 5. Bxc4 a6 6. O-O b5 7. Bd3 Bb7 8. a4 b4 9. Qe2 Nbd7 10. e4 Be7 11. e5 Nd5 12. Qe4 c5 13. Qg4 Bf8 14. Bg5 Qc7 15. Nbd2 cxd4 16. Rac1 Qb6 17. Nc4 Qa7 18. Rfd1 h6 19. Bd2 g6 20. h4 h5 21. Qg3 Nc5 22. Bb1 Nb3 23. Ng5 Nxd2 24. Rxd2 Bc6 25. Nd6+ Bxd6 26. exd6 Bd7 27. Nxf7 Kxf7 28. Qxg6+ Kf8 29. Rd3 Be8 30. Rf3+ Bf7 31. Rc7 Qxc7 32. dxc7 1-0


[Site "https://www.chess.com"]

[Event "Titled Tuesday Blitz March 28 Late 2023"]
[White "Quinones Garcia, Santiago"]
[Black "Kollars, Dmitrij"]
[WhiteFideId "4408497"]
[BlackFideId "12909572"]
[WhiteElo "2263"]
[BlackElo "2584"]
[Result "0-1"]
[Round "01"]
[TimeControl "180+2"]
[Date "2023.03.28"]
[WhiteClock "0:00:03"]
[BlackClock "0:00:58"]

1. d4 Nf6 2. c4 e6 3. Nc3 Bb4 4. Qc2 O-O 5. a3 Bxc3+ 6. Qxc3 d6 7. Nf3 Nbd7 8. e3 b6 9. Bd3 Bb7 10. b4 e5 11. Be2 Ne4 12. Qc2 Ng5 13. d5 Nxf3+ 14. gxf3 Qh4 15. Bb2 f5 16. Bd3 g6 17. O-O-O a5 18. Rdg1 axb4 19. axb4 Kf7 20. f4 Rae8 21. Bxf5 gxf5 22. Qxf5+ Nf6 23. fxe5 Qxc4+ 24. Kb1 dxe5 25. Bxe5 Rxe5 26. Qxe5 Bxd5 27. f3 Re8 28. Qd4 Qxd4 29. exd4 Bxf3 0-1


[Site "https://www.chess.com"]

[Event "Titled Tuesday Blitz March 28 Late 2023"]
[White "Svane, Rasmus"]
[Black "Golubev, Mikhail"]
[WhiteFideId "4657101"]
[BlackFideId "14100983"]
[WhiteElo "2597"]
[BlackElo "2374"]
[Result "1-0"]
[Round "01"]
[TimeControl "180+2"]
[Date "2023.03.28"]
[WhiteClock "0:01:33"]
[BlackClock "0:00:04"]

1. Nf3 d6 2. d4 Nf6 3. g3 g6 4. Bg2 Bg7 5. O-O O-O 6. Re1 Nbd7 7. e4 e5 8. Nc3 Re8 9. a4 a5 10. h3 c6 11. Be3 exd4 12. Bxd4 Qc7 13. Nd2 Nc5 14. Nc4 Be6 15. Bxf6 Bxf6 16. Qxd6 Qxd6 17. Nxd6 Re7 18. e5 Bg7 19. f4 f6 20. Re2 fxe5 21. fxe5 Rf8 22. Rae1 Bd7 23. Nc4 Ne6 24. Nxa5 Nd4 25. Rd2 1-0


[Site "https://www.chess.com"]

[Event "Titled Tuesday Blitz March 28 Late 2023"]
[White "Romkachess"]
[Black "Bluebaum, Matthias"]
[BlackFideId "24651516"]
[WhiteElo "2501"]
[BlackElo "2638"]
[Result "0-1"]
[Round "01"]
[TimeControl "180+2"]
[Date "2023.03.28"]
[WhiteClock "0:00:09"]
[BlackClock "0:00:54"]

1. e4 e6 2. d4 d5 3. Nc3 Nf6 4. Bg5 dxe4 5. Nxe4 Be7 6. Bxf6 gxf6 7. g3 f5 8. Nc3 c6 9. Bg2 Qb6 10. Nge2 Qxb2 11. O-O Qa3 12. Rb1 O-O 13. Rb3 Qd6 14. Nf4 Nd7 15. Qh5 Nf6 16. Qh6 Qxd4 17. Rd1 Qxf2+ 18. Kh1 Ng4 19. Qh5 Qxc2 20. Re1 Bf6 21. h3 Nf2+ 22. Kh2 Bxc3 23. Re2 Qc1 24. Rxf2 Bg7 25. Qg5 h6 26. Qh5 e5 27. Nd3 Qc4 28. h4 Be6 29. Qe2 Rad8 30. Qe1 Rxd3 31. Rxd3 Qxd3 0-1


[Site "https://www.chess.com"]

[Event "Titled Tuesday Blitz March 28 Late 2023"]
[White "Duda, Jan-Krzysztof"]
[Black "Estrada Nieto, Julian"]
[WhiteFideId "1170546"]
[BlackFideId "5101018"]
[WhiteElo "2790"]
[BlackElo "2176"]
[Result "1-0"]
[Round "01"]
[TimeControl "180+2"]
[Date "2023.03.28"]
[WhiteClock "0:00:07"]
[BlackClock "0:00:02"]

1. d4 d5 2. c4 dxc4 3. e4 e5 4. Nf3 exd4 5. Bxc4 Nc6 6. O-O Be6 7. Bxe6 fxe6 8. Qb3 Qd7 9. Qxb7 Rb8 10. Qa6 Nge7 11. Nbd2 Ng6 12. b3 Bb4 13. Bb2 O-O 14. Rfd1 Bxd2 15. Nxd2 Nf4 16. Qf1 e5 17. Ba3 Rf6 18. f3 d3 19. Bc5 Nd4 20. Bxd4 Qxd4+ 21. Kh1 Ne2 22. Qe1 Rh6 23. g3 Rf8 24. Kg2 Qe3 25. Rac1 Qg5 26. Rxc7 Qh5 27. h4 Nf4+ 28. gxf4 Qxh4 29. Qxh4 Rxh4 30. fxe5 Rh5 31. Rd7 Rg5+ 32. Kf2 Rxe5 33. Rxd3 Rh5 34. Ke3 Rh2 35. Rc1 h5 36. a4 h4 37. Rg1 h3 38. Rd5 Rg2 39. Rxg2 hxg2 40. Kf2 Rc8 41. Kxg2 Rc2 42. Kg3 Rb2 43. a5 Kh7 44. Kf4 Kh6 45. a6 g5+ 46. Kg4 1-0


[Site "https://www.chess.com"]

[Event "Titled Tuesday Blitz March 28 Late 2023"]
[White "Papayan, Oleg"]
[Black "Xiong, Jeffery"]
[WhiteFideId "4193911"]
[BlackFideId "2047640"]
[WhiteElo "2153"]
[BlackElo "2726"]
[Result "0-1"]
[Round "01"]
[TimeControl "180+2"]
[Date "2023.03.28"]
[WhiteClock "0:00:06"]
[BlackClock "0:01:56"]

1. e4 c5 2. Nf3 d6 3. d4 cxd4 4. Qxd4 Nc6 5. Bb5 a6 6. Bxc6+ bxc6 7. e5 d5 8. c4 e6 9. cxd5 cxd5 10. O-O Ne7 11. Bg5 h6 12. Bh4 g5 13. Bg3 Nf5 14. Qd3 Bd7 15. Nc3 Bg7 16. Rfe1 Qb6 17. b3 O-O 18. h4 Nxg3 19. hxg5 Nf5 20. gxh6 Bxh6 21. g4 Ne7 22. Kg2 Qb4 23. g5 Qg4+ 24. Kf1 Ng6 25. Nh2 Qxg5 26. Re3 Nf4 27. Qd4 Qg2+ 28. Ke1 Qxh2 29. Rg3+ Kh8 30. Rd1 Rg8 31. Rd2 Rxg3 32. fxg3 Qh1+ 33. Kf2 Nh3+ 34. Ke2 Qg2+ 35. Kd1 Qxd2+ 36. Qxd2 Bxd2 37. Kxd2 Rg8 38. Ne2 Bb5 39. a4 Bxe2 40. Kxe2 Rxg3 0-1


[Site "https://www.chess.com"]

[Event "Titled Tuesday Blitz March 28 Late 2023"]
[White "Sarana, Alexey"]
[Black "Pires, Marcos Vinicius Torsani"]
[WhiteFideId "24133795"]
[BlackFideId "2118939"]
[WhiteElo "2714"]
[BlackElo "2273"]
[Result "1-0"]
[Round "01"]
[TimeControl "180+2"]
[Date "2023.03.28"]
[WhiteClock "0:01:09"]
[BlackClock "0:00:33"]

1. d4 Nf6 2. c4 g6 3. Nc3 Bg7 4. e4 d6 5. Be2 O-O 6. Be3 c5 7. d5 e6 8. Nf3 exd5 9. cxd5 a6 10. a4 Bg4 11. Nd2 Bxe2 12. Qxe2 Nbd7 13. O-O Ne5 14. h3 Qe7 15. Rae1 Rab8 16. f4 Ned7 17. Bf2 Rfe8 18. Bh4 Qf8 19. e5 dxe5 20. f5 b5 21. fxg6 fxg6 22. Nde4 c4 23. Nxf6+ Nxf6 24. Bxf6 Bxf6 25. Ne4 Rb6 26. a5 Rd6 27. Rf3 Qe7 28. Ref1 Bg7 29. Rf7 Qd8 30. Nxd6 Qxd6 31. Qf2 Qxd5 32. Qa7 Bh6 33. Qxa6 Be3+ 34. Kh1 Qxf7 35. Rxf7 Kxf7 36. Qb7+ Re7 37. Qf3+ Bf4 38. g3 g5 39. gxf4 e4 40. Qh5+ 1-0


[Site "https://www.chess.com"]

[Event "Titled Tuesday Blitz March 28 Late 2023"]
[White "Petukhov, Dmitry"]
[Black "Sargsyan, Shant"]
[WhiteFideId "4142748"]
[BlackFideId "13306766"]
[WhiteElo "2311"]
[BlackElo "2628"]
[Result "1-0"]
[Round "01"]
[TimeControl "180+2"]
[Date "2023.03.28"]
[WhiteClock "0:01:01"]
[BlackClock "0:00:07"]

1. e4 g6 2. d4 Bg7 3. Nc3 a6 4. a4 d6 5. f4 Nc6 6. Nf3 Bg4 7. Be3 Bxf3 8. gxf3 e6 9. Be2 Qh4+ 10. Bf2 Qxf4 11. d5 Nb4 12. O-O Ne7 13. Ra3 exd5 14. Rb3 c5 15. Bg3 Qe3+ 16. Kh1 Qd4 17. Bxd6 Qxd1 18. Rxd1 b6 19. Bxe7 Kxe7 20. Nxd5+ Nxd5 21. Rxd5 Rhb8 22. f4 Bd4 23. Kg2 Ra7 24. c3 Bg7 25. Rxc5 bxc5 26. Rxb8 Rd7 27. Bxa6 Rd2+ 28. Kg3 g5 29. Rb7+ Kf8 30. Bc4 gxf4+ 31. Kxf4 Bh6+ 32. Kg3 Ke8 33. Bxf7+ Kd8 34. Bd5 Bf8 35. a5 Bd6+ 36. Kf3 Rxh2 37. a6 Rh3+ 38. Kg2 Rh2+ 39. Kf3 Rh3+ 40. Kg4 Rg3+ 41. Kf5 h6 42. a7 Rg5+ 43. Ke6 Rg6+ 44. Kf7 1-0


[Site "https://www.chess.com"]

[Event "Titled Tuesday Blitz March 28 Late 2023"]
[White "Sadhwani, Raunak"]
[Black "Hirneise, Jens"]
[WhiteFideId "35093487"]
[BlackFideId "24614734"]
[WhiteElo "2631"]
[BlackElo "2345"]
[Result "1-0"]
[Round "01"]
[TimeControl "180+2"]
[Date "2023.03.28"]
[WhiteClock "0:02:05"]
[BlackClock "0:01:36"]

1. Nf3 d5 2. b3 g6 3. Bb2 Nf6 4. g3 Bg7 5. Bg2 O-O 6. c4 c6 7. O-O Bf5 8. d3 a5 9. a3 a4 10. b4 dxc4 11. dxc4 Bxb1 12. Qxb1 Qc8 13. Rd1 Nbd7 14. Qc2 Nb6 15. c5 Nbd5 16. e4 Nc7 17. Ne5 Qe6 18. Nc4 Rad8 19. Nb6 Rxd1+ 20. Rxd1 Ng4 21. Bxg7 Kxg7 22. h3 Nh6 23. Qxa4 Nb5 24. Qc2 f6 25. a4 Nc7 26. Rd7 Na6 27. Qc3 Rb8 28. b5 cxb5 29. axb5 1-0


[Site "https://www.chess.com"]

[Event "Titled Tuesday Blitz March 28 Late 2023"]
[White "Koutlas, Nikolaos"]
[Black "Martinez Alcantara, Jose Eduardo"]
[WhiteFideId "25827138"]
[BlackFideId "3805662"]
[WhiteElo "2215"]
[BlackElo "2712"]
[Result "0-1"]
[Round "01"]
[TimeControl "180+2"]
[Date "2023.03.28"]
[WhiteClock "0:01:40"]
[BlackClock "0:02:25"]

1. Nf3 c5 2. g3 g6 3. Bg2 Bg7 4. O-O Nc6 5. c4 d6 6. Nc3 e6 7. e3 Nge7 8. d4 O-O 9. h3 Rb8 10. Ne4 cxd4 11. exd4 d5 12. cxd5 exd5 13. Nc5 b6 14. Nd3 Ba6 15. Re1 Nf5 16. Nde5 Rc8 17. Qa4 Bb7 18. Be3 Nxe3 19. Rxe3 Na5 20. Rae1 Rc7 21. Ng5 Qxg5 0-1


[Site "https://www.chess.com"]

[Event "Titled Tuesday Blitz March 28 Late 2023"]
[White "Alekseenko, Kirill"]
[Black "Romero Pallares, Daniel"]
[WhiteFideId "4135539"]
[BlackFideId "32025637"]
[WhiteElo "2683"]
[BlackElo "2195"]
[Result "1-0"]
[Round "01"]
[TimeControl "180+2"]
[Date "2023.03.28"]
[WhiteClock "0:00:33"]
[BlackClock "0:00:13"]

1. d4 g6 2. Nc3 Bg7 3. Nf3 d6 4. e4 Nf6 5. Be3 c6 6. Qd2 b5 7. Bd3 O-O 8. Bh6 Qc7 9. h4 e5 10. dxe5 dxe5 11. h5 Bg4 12. hxg6 fxg6 13. a4 Bxf3 14. gxf3 b4 15. Ne2 Qe7 16. O-O-O Nbd7 17. Rdg1 Rad8 18. Bc4+ Kh8 19. Rxg6 Bxh6 20. Qxh6 Nb6 21. Bb3 c5 22. Ng3 Rg8 23. Bxg8 Nxg8 24. Qh5 Qf7 25. Qxe5+ 1-0


[Site "https://www.chess.com"]

[Event "Titled Tuesday Blitz March 28 Late 2023"]
[White "WindWhistler11"]
[Black "Kramnik, Vladimir"]
[BlackFideId "4101588"]
[WhiteElo "2490"]
[BlackElo "2712"]
[Result "0-1"]
[Round "01"]
[TimeControl "180+2"]
[Date "2023.03.28"]
[WhiteClock "0:00:04"]
[BlackClock "0:00:40"]

1. Nf3 Nf6 2. g3 b5 3. Bg2 Bb7 4. a4 b4 5. O-O e6 6. d3 d5 7. Nbd2 Be7 8. e4 c5 9. e5 Nfd7 10. Re1 Nc6 11. c4 bxc3 12. bxc3 Qc7 13. d4 O-O 14. h4 Ba6 15. h5 h6 16. Ba3 Rfc8 17. Nf1 cxd4 18. Bxe7 Nxe7 19. cxd4 Qc2 20. Ne3 Qxd1 21. Rexd1 Rc3 22. Bf1 Bxf1 23. Kxf1 Rac8 24. Rab1 R8c7 25. Ke2 Nb6 26. a5 Nc4 27. Rdc1 Nxa5 28. Rxc3 Rxc3 29. Ra1 Nec6 30. Kd2 Rb3 31. Kc2 Rb7 32. Ra4 Nb4+ 33. Kc3 Nac6 34. Ne1 a5 35. N3c2 Rc7 36. Nxb4 Nxb4+ 37. Kb3 Rb7 38. Kc3 Nc6 39. Nd3 Kf8 40. Nc5 Rb1 41. Ra2 Ke7 42. Nb3 Rd1 43. Ra4 Rf1 44. Nxa5 Nxa5 45. Rxa5 Rxf2 46. Ra7+ Ke8 47. Ra8+ Kd7 48. Rg8 Rf3+ 49. Kb4 Rxg3 0-1


[Site "https://www.chess.com"]

[Event "Titled Tuesday Blitz March 28 Late 2023"]
[White "Anton Guijarro, David"]
[Black "Rodshtein, Maxim"]
[WhiteFideId "2285525"]
[BlackFideId "2806851"]
[WhiteElo "2618"]
[BlackElo "2555"]
[Result "1-0"]
[Round "01"]
[TimeControl "180+2"]
[Date "2023.03.28"]
[WhiteClock "0:00:19"]
[BlackClock "0:00:04"]

1. Nf3 Nf6 2. b3 d5 3. Bb2 e6 4. c4 Be7 5. g3 O-O 6. Bg2 c5 7. cxd5 Nxd5 8. O-O Nc6 9. d4 cxd4 10. Nxd4 Nxd4 11. Qxd4 Bf6 12. Qd2 Bxb2 13. Qxb2 Qf6 14. Qxf6 Nxf6 15. Na3 Rb8 16. Rac1 Rd8 17. Rc2 b6 18. Rfc1 Ba6 19. Kf1 Rd7 20. Ke1 g5 21. Nc4 Bxc4 22. Rxc4 Rbd8 23. h3 Kg7 24. Rc7 Rxc7 25. Rxc7 Rd7 26. Rc8 h6 27. e3 Rd6 28. Ke2 a5 29. a3 Nd7 30. Rd8 Kf6 31. b4 axb4 32. axb4 Ke7 33. Rh8 e5 34. g4 Nf8 35. Be4 Rf6 36. Bf5 Rd6 37. Kf3 Nd7 38. Bxd7 Kxd7 39. Ke4 Re6 40. b5 Kd6 41. Rc8 Ke7 42. Rc7+ Kf6 43. Rd7 Kg7 44. f3 Kf6 45. Rd5 Re7 46. Rd6+ Kg7 47. Rxb6 Rc7 48. Rc6 Ra7 49. b6 Ra3 50. Kd5 Rxe3 51. Rc5 Rb3 52. Kc6 Kf6 53. b7 Rc3 54. Rxc3 1-0


[Site "https://www.chess.com"]

[Event "Titled Tuesday Blitz March 28 Late 2023"]
[White "Gasparyan, David"]
[Black "Demchenko, Anton"]
[WhiteFideId "13311980"]
[BlackFideId "4160258"]
[WhiteElo "2484"]
[BlackElo "2545"]
[Result "0-1"]
[Round "01"]
[TimeControl "180+2"]
[Date "2023.03.28"]
[WhiteClock "0:00:07"]
[BlackClock "0:00:07"]

1. c4 e5 2. g3 Nc6 3. Bg2 Bc5 4. d3 d6 5. Nf3 Nge7 6. Nc3 a6 7. O-O Ba7 8. Rb1 O-O 9. b4 h6 10. b5 axb5 11. Nxb5 Bb8 12. Bb2 Be6 13. Nd2 Qc8 14. a3 Nd8 15. d4 f6 16. c5 Qd7 17. Bc3 Kh8 18. cxd6 cxd6 19. Ne4 f5 20. Nd2 e4 21. e3 Nd5 22. Qc2 Nf7 23. Qb2 Ng5 24. Kh1 Qf7 25. Bb4 Rd8 26. Rbc1 Qh5 27. Nc3 Nf6 28. f3 d5 29. Be7 Bxg3 30. h3 Nxh3 31. Rfd1 Nf2+ 32. Kg1 Nd3 33. Qxb7 Rdb8 34. Qc6 Bd7 35. Qxa8 Rxa8 36. Bxf6 gxf6 37. Nxd5 Qg5 38. f4 Qh4 39. Rc7 Bf2+ 40. Kf1 Bxe3 41. Nxe3 Qf2# 0-1


[Site "https://www.chess.com"]

[Event "Titled Tuesday Blitz March 28 Late 2023"]
[White "Maghsoodloo, Parham"]
[Black "Khater, Sherif"]
[WhiteFideId "12539929"]
[BlackFideId "2034280"]
[WhiteElo "2647"]
[BlackElo "2481"]
[Result "1-0"]
[Round "01"]
[TimeControl "180+2"]
[Date "2023.03.28"]
[WhiteClock "0:01:25"]
[BlackClock "0:01:43"]

1. d4 d5 2. c4 e6 3. Nf3 Nf6 4. Nc3 c6 5. Bg5 dxc4 6. e4 b5 7. e5 h6 8. Bh4 g5 9. Nxg5 hxg5 10. Bxg5 Nbd7 11. exf6 Bb7 12. g3 Qb6 13. Bg2 c5 14. d5 O-O-O 15. O-O b4 16. Na4 Qb5 17. dxe6 Bxg2 18. Kxg2 Qc6+ 19. Qf3 Rxh2+ 20. Kxh2 Qxf3 21. exd7+ Rxd7 22. Rae1 Bd6 23. Bh4 Rd8 24. Re3 Qg4 25. Kg2 Rh8 26. Rh1 Qd7 27. b3 Qc6+ 28. f3 c3 29. Rd1 Rd8 30. Re4 Bc7 31. Rxd8+ Bxd8 32. Nxc5 Qxc5 33. Rc4 Qxc4 34. bxc4 c2 35. Bg5 Bxf6 36. Bc1 Kd7 37. Kf2 Kc6 38. Ke2 Kc5 39. Kd3 Bd4 40. g4 a5 41. g5 a4 42. f4 b3 43. axb3 axb3 44. Ba3+ Kc6 45. Kxd4 1-0


[Site "https://www.chess.com"]

[Event "Titled Tuesday Blitz March 28 Late 2023"]
[White "Dauner, Benedikt"]
[Black "Makarian, Rudik"]
[WhiteFideId "16225899"]
[BlackFideId "44105681"]
[WhiteElo "2205"]
[BlackElo "2436"]
[Result "1-0"]
[Round "01"]
[TimeControl "180+2"]
[Date "2023.03.28"]
[WhiteClock "0:00:05"]
[BlackClock "0:00:13"]

1. e4 c5 2. Nf3 e6 3. c3 d5 4. exd5 Qxd5 5. d4 Nf6 6. Na3 Be7 7. Nb5 Qd8 8. dxc5 Bxc5 9. Qxd8+ Kxd8 10. Bf4 Nd5 11. Bg3 a6 12. Nd6 Ke7 13. Ne4 Ba7 14. c4 Nf6 15. Bd6+ Ke8 16. Nxf6+ gxf6 17. c5 Bd7 18. b4 Nc6 19. a3 Bb8 20. Rd1 Bxd6 21. Rxd6 Ke7 22. Be2 Rhc8 23. O-O a5 24. Rfd1 Be8 25. b5 Ne5 26. Nxe5 fxe5 27. Rb6 Rxc5 28. Rxb7+ Kf6 29. a4 Rac8 30. Ra7 Rc2 31. Bf1 Ra2 32. Rxa5 Rcc2 33. Ra8 Ke7 34. b6 Bc6 35. Ra7+ Kf6 36. Rc7 Bxa4 37. Rxc2 Rxc2 38. Rb1 Rc8 39. b7 Rb8 40. Ba6 Ke7 41. Rc1 Bd7 42. g4 Kd8 43. Kg2 f5 44. Kg3 Ke7 45. g5 e4 46. Rc8 Rxc8 47. bxc8=Q Bxc8 48. Bxc8 Kd6 49. Kf4 Ke7 50. h4 Kd6 51. h5 Ke7 52. h6 Kf7 53. Bb7 Kg6 54. Bc6 e5+ 55. Kxe5 Kxg5 56. Bd7 e3 57. fxe3 f4 58. exf4+ Kxh6 59. Bg4 Kg7 60. Be2 h5 61. Kf5 h4 62. Kg4 h3 63. Kxh3 Kf6 64. Kg4 Ke6 65. f5+ Kf6 66. Kf4 1-0


[Site "https://www.chess.com"]